 Dungeon Crawl Stone Soup version 0.30-a0-222-ge547ba4400 (webtiles) character file.

Game seed: 3713303465619583305

140 Morbidden the Conjurer (level 5, -1/25 HPs)
             Began as a Vine Stalker Conjurer on Oct 8, 2022.
             Was a Believer of Cheibriados.
             Slain by a gnoll bouda
             ... wielding a +0 whip
              (6 damage)
             ... on level 3 of the Dungeon.
             The game lasted 00:02:41 (3115 turns).

Morbidden the Conjurer (Vine Stalker Conjurer)      Turns: 3115, Time: 00:02:42

Health: -1/25      AC:  3    Str: 13    XL:     5   Next: 22%
Magic:  0/10       EV: 12    Int: 24    God:    Cheibriados [**....]
Gold:   109        SH:  0    Dex: 17    Spells: 3/10 levels left

rFire   . . .      SeeInvis .    a - +0 morningstar
rCold   . . .      Faith    .    (no shield)
rNeg    . . .      Spirit   +    l - +0 robe
rPois   .          Reflect  .    k - +0 helmet
rElec   .          Harm     .    (no cloak)
rCorr   .          Rampage  .    (no gloves)
Will    .....                    (no boots)
Stlth   ++........               (no amulet)
HPRegen 1.04/turn                (no ring)
MPRegen 0.12/turn                (no ring)

@: very slow
A: fangs 2, regeneration 1, magic shield, antimagic bite, no potion heal 2
a: Renounce Religion, Bend Time


You were on level 3 of the Dungeon.
You worshipped Cheibriados.
Cheibriados was pleased with you.
You visited 1 branch of the dungeon, and saw 3 of its levels.

You collected 109 gold pieces.

Inventory:

Hand Weapons
 a - a +0 morningstar (weapon)
Missiles
 e - 2 throwing nets
Armour
 k - a +0 helmet (worn)
 l - a +0 robe (worn)
Jewellery
 v - a +4 ring of evasion
Wands
 n - a wand of roots (6)
Scrolls
 c - a scroll of enchant armour {unknown}
 g - a scroll of blinking {unknown}
 h - 2 scrolls of fog {unknown}
 o - a scroll of immolation {unknown}
 r - a scroll of amnesia {unknown}
 t - a scroll of identify {unknown}
Potions
 d - 3 potions of might {unknown}
 f - 2 potions of heal wounds {unknown}
 i - 3 potions of ambrosia {unknown}
 j - a potion of invisibility {unknown}
 m - a potion of resistance {unknown}
 p - a potion of curing {unknown}
 q - a potion of attraction {unknown}
 s - a potion of mutation {unknown}
 u - 2 potions of brilliance {unknown}


   Skills:
 * Level 1.1 Fighting
 * Level 0.5 Maces & Flails
 * Level 1.8 Dodging
 + Level 2.6 Stealth
 + Level 1.1 Unarmed Combat
 * Level 3.0 Spellcasting
 * Level 5.0 Conjurations
 * Level 0.2 Translocations
 * Level 0.8 Invocations


You had 3 spell levels left.
You knew the following spells:

 Your Spells              Type           Power      Damage    Failure   Level
a - Magic Dart            Conj           100%       1d8       1%          1
b - Searing Ray           Conj           54%        2d6       1%          2
c - Iskenderun's Mystic   Conj/Tloc      16%        2d5       34%         4

Your spell library contained the following spells:

 Spells                   Type           Power      Damage    Failure   Level
 Dazzling Flash           Conj/Hex       30%        N/A       12%         3
 Fulminant Prism          Conj/Hex       7%         3d7       36%         4


Dungeon Overview and Level Annotations

Branches:
Dungeon (3/15)

Altars:
Cheibriados
Hepliaklqana

Annotations:
D:2 1 runed translucent door, Crazy Yiuf


Innate Abilities, Weirdness & Mutations

You have extremely sharp teeth.
Your natural rate of healing is unusually fast.
When hurt, damage is shared between your health and your magic reserves.
Your bite disrupts and absorbs the magic of your enemies.
Potions cannot restore your health.


Message History

The gnoll bouda hits you with a +0 whip.
* * * LOW HITPOINT WARNING * * *
Your magical contamination has completely faded away.
Your Spellcasting skill increases to level 3!
Unknown command.
Unknown command.
Without enough magic to sustain it, your searing ray dissipates.
The gnoll bouda calls upon its god to heal the gnoll.
The gnoll is healed somewhat.
Unknown command.
Unknown command.
Unknown command.
Okay, then.
Unknown command.
Okay, then.
Aiming: Fastroot
Press: ? - help, Shift-Dir - straight line, f - gnoll bouda
Aim: a gnoll bouda, wielding a +0 whip and wearing a +0 leather armour (moderately wounded)
The roots erupt in riotous growth!
Roots grab the gnoll bouda.
Roots grab the gnoll.
The grasping roots constrict the gnoll bouda.
The grasping roots constrict the gnoll.
You hear an angry hiss.
The gnoll bouda calls upon its god to heal the gnoll.
The gnoll is healed somewhat.
Unknown command.
Unknown command.
Unknown command.
Unknown command.
Unknown command.
Unknown command.
Unknown command.
Unknown command.
The grasping roots constrict the gnoll bouda.
The grasping roots constrict the gnoll!
You kill the gnoll!
Cheibriados appreciates the change of pace.
The roots release their grip on the gnoll bouda.
The gnoll bouda hits you with a +0 whip.
You die...

#.###.###.##..#
#.#
#......##.....#
#.#
#.###.........#
#.# ##.#
#.###..#### #.#
...###.###..#
#.#
#####...##..#
#.# ...
........# #.#
### #...###.#
########.#
######.## #.#
#.@......#
........# #.#
#g########
######..###.#
#.#
............#
#g#
######..#####
#)# #........#
#.# #.####..##
#.# #.# #..#
#.# ..# #..#
#.#


You could see a gnoll bouda and a gnoll (swift).

Vanquished Creatures
  Terence (D:2)
  4 gnolls
  4 adders
  A worm (D:3)
  4 ball pythons
  2 bats
  6 endoplasms
  2 giant cockroaches
  5 goblins
  7 hobgoblins
  2 quokkas (D:2)
  A frilled lizard (D:1)
  5 kobolds
  4 rats
48 creatures vanquished.

Notes
Turn   | Place    | Note
-------+----------+-------------------------------------------
     0 | D:1      | Morbidden the Vine Stalker Conjurer began the quest for the
                  | Orb.
     0 | D:1      | Reached XP level 1. HP: 9/9 MP: 4/4
   183 | D:1      | Reached XP level 2. HP: 14/14 MP: 3/6
   645 | D:1      | Reached XP level 3. HP: 14/17 MP: 4/7
   648 | D:1      | Learned a level 2 spell: Searing Ray
  1045 | D:1      | Found a faded altar of an unknown god.
  1312 | D:1      | Prayed at the altar of an unknown god.
  1312 | D:1      | Became a worshipper of Cheibriados the Contemplative
  1312 | D:1      | Reached * piety under Cheibriados
  1404 | D:2      | Found a hazy altar of Hepliaklqana.
  1429 | D:2      | Noticed Terence
  1439 | D:2      | Killed Terence
  1440 | D:2      | Reached skill level 1 in Unarmed Combat
  1440 | D:2      | Gained mutation: Your natural rate of healing is unusually
                  | fast. [Vine Stalker growth]
  1440 | D:2      | Reached XP level 4. HP: 14/21 MP: 4/8
  1905 | D:2      | Found a runed translucent door.
  1906 | D:2      | Noticed Crazy Yiuf
  2441 | D:3      | Reached skill level 1 in Fighting
  2714 | D:3      | Learned a level 4 spell: Iskenderun's Mystic Blast
  2790 | D:3      | Reached ** piety under Cheibriados
  2809 | D:3      | Reached skill level 5 in Conjurations
  2809 | D:3      | Reached XP level 5. HP: 25/25 MP: 0/10
  3112 | D:3      | HP: 1/25 [gnoll bouda/+0 whip (2)]
  3115 | D:3      | Slain by a gnoll bouda

Illustrated notes

Levels and vault maps discovered:
D:1:      lightli_iron_boxes, layout_loops_ring,
          hellmonk_ecumenical_altar_run_dry, minmay_liquid_box,
          minmay_statues_item, st_stairs_12
D:2:      minmay_general_purpose_star, layout_basic, basic_altar, uniq_terence,
          uniq_crazy_yiuf_cottage
D:3:      layout_loops_ring

Skill      XL: |  1  2  3  4  5 |
---------------+----------------+-----
Unarmed Combat | 1 |  1.1
Fighting       | 1 |  1.1
Conjurations   | 5 |  5.0
Spellcasting   | 3 |  3.0
Maces & Flails | |  0.5
Dodging        | |  1.8
Stealth        | |  2.6
Translocations | |  0.2
Invocations    | |  0.8

Action                   |  1- 3 |  4- 6 || total
-------------------------+-------+-------++-------
Melee: Unarmed           |     6 |       ||     6
       Bite              |     2 |       ||     2
 Cast: Magic Dart        |    46 |    53 ||    99
       Searing Ray       |     2 |     3 ||     5
Evoke: Wand              |       |     1 ||     1
  Use: Potion            |     1 |     1 ||     2
Dodge: Dodged            |     8 |     9 ||    17

Table legend: (Time is in decaauts)
 A = Elapsed time spent in this place.
 B = Non-inter-level travel time spent in this place.
 C = Inter-level travel time spent in this place.
 D = Time resting spent in this place.
 E = Time spent auto-exploring this place.
 F = Levels seen in this place.
 G = Mean time per level.
                   A        B        C        D        E       F      G
               +--------+--------+--------+--------+--------+-----+--------+
         Total |   3612 |   3362 |    250 |    157 |   2916 |   3 | 1204.0 |
       Dungeon |   3612 |   3362 |    250 |    157 |   2916 |   3 | 1204.0 |
               +--------+--------+--------+--------+--------+-----+--------+

Top non-repeatable levels by time:
     D:1: 1436 daAuts
     D:2: 1193 daAuts
     D:3: 982 daAuts
